[Event "Fagernes GM Open Autumn 2024"]
[Site "Fagernes"]
[Date "2024.10.06"]
[Round "1.26"]
[White "Oye-Stromberg, Alexander"]
[Black "Juodziukynas, Aidas"]
[Result "1-0"]
[ECO "B90"]
[WhiteElo "2248"]
[BlackElo "1917"]
[Annotator "RC"]
[PlyCount "71"]
[EventDate "2024.10.03"]
[EventType "swiss"]
[EventCountry "NOR"]
[SourceTitle "playchess.com"]
[Source "ChessBase"]
[SourceQuality "1"]
[TimeControl "40/6000:2400+30"]

1. e4 c5 2. Nf3 d6 3. d4 cxd4 4. Nxd4 Nf6 5. Nc3 a6 6. h4 Nbd7 7. g3 b6 8. Bg2 Bb7 9. g4 h6 10. g5 hxg5 11. hxg5 Rxh1+ 12. Bxh1 Ng8 13. Qh5 e5 14. Ne6 Qc8 15. Qh7 fxe6 16. Qxg8 Qc4 17. Bf3 O-O-O 18. Be2 Qd4 19. a3 Qc5 20. Qxe6 Kb8 21. Qf7 Qc6 22. Be3 Nc5 23. Bc4 Qd7 24. Qxd7 Rxd7 25. Bd5 Bxd5 26. exd5 Rf7 27. Ke2 Kb7 28. b4 Nd7 29. Kd3 Be7 30. Ne4 Nf8 31. c4 Ng6 32. c5 bxc5 33. bxc5 dxc5 34. Rb1+ Kc7 35. d6+ Bxd6 36. Rb7+ 1-0

[Event "Fagernes GM Open Autumn 2024"]
[Site "Fagernes"]
[Date "2024.10.06"]
[Round "1.27"]
[White "Lien, Sebastian"]
[Black "Bhagat Kush"]
[Result "0-1"]
[ECO "E97"]
[WhiteElo "1911"]
[BlackElo "2245"]
[Annotator "RC"]
[PlyCount "84"]
[EventDate "2024.10.03"]
[EventType "swiss"]
[EventCountry "NOR"]
[SourceTitle "playchess.com"]
[Source "ChessBase"]
[SourceQuality "1"]
[TimeControl "40/6000:2400+30"]

1. d4 Nf6 2. c4 g6 3. Nc3 Bg7 4. e4 d6 5. Nf3 O-O 6. Be2 e5 7. Be3 Ng4 8. Bg5 f6 9. Bc1 Nc6 10. O-O Nh6 11. d5 Ne7 12. b4 a5 13. b5 b6 14. g3 Nf7 15. Be3 Bh3 16. Re1 f5 17. Qd2 Bg4 18. Ng5 Nxg5 19. Bxg5 Bxe2 20. Nxe2 Qd7 21. Bxe7 Qxe7 22. exf5 Qf6 23. g4 gxf5 24. gxf5 Qxf5 25. Ng3 Qh3 26. Re4 Rf6 27. Rf1 Raf8 28. Qe2 Rf4 29. f3 Qh6 30. Rf2 Qg6 31. Kh1 Qf7 32. Kg2 Rf6 33. Rg4 Kh8 34. Ne4 Rf4 35. Ng5 Qh5 36. Ne6 Rxg4+ 37. fxg4 Rxf2+ 38. Qxf2 Qxg4+ 39. Qg3 Qe2+ 40. Kh3 Bf6 41. Nxc7 Qxc4 42. Ne8 Qc8+ 0-1

[Event "Fagernes GM Open Autumn 2024"]
[Site "Fagernes"]
[Date "2024.10.06"]
[Round "1.28"]
[White "Nagare Akhilesh"]
[Black "Gasland, Lukas Dominik"]
[Result "1-0"]
[ECO "A30"]
[WhiteElo "2245"]
[BlackElo "1905"]
[Annotator "RC"]
[PlyCount "121"]
[EventDate "2024.10.03"]
[EventType "swiss"]
[EventCountry "NOR"]
[SourceTitle "playchess.com"]
[Source "ChessBase"]
[SourceQuality "1"]
[TimeControl "40/6000:2400+30"]

1. Nf3 Nf6 2. b3 g6 3. Bb2 Bg7 4. c4 O-O 5. e3 c5 6. Be2 b6 7. O-O Bb7 8. Qc2 Nc6 9. a3 d5 10. cxd5 Nxd5 11. d3 e5 12. Nbd2 Qd7 13. Rfd1 Rfe8 14. Rac1 Rad8 15. Qb1 f5 16. Bf1 h6 17. g3 g5 18. e4 Nc7 19. b4 cxb4 20. axb4 Ne6 21. exf5 Ned4 22. Bxd4 Nxd4 23. Nxd4 exd4 24. Bh3 h5 25. Ne4 g4 26. Bg2 Qxf5 27. Qa2+ Bd5 28. Qxa7 Qg6 29. Rc7 Kh8 30. Rd7 Ra8 31. Qc7 Be5 32. Qc1 Bc6 33. Rd6 Bxd6 34. Qxc6 Rad8 35. Qxb6 Qe6 36. Qxd4+ Be5 37. Qc5 Qb3 38. Re1 Qxd3 39. Nf6 Bxf6 40. Rxe8+ Rxe8 41. Qxh5+ Kg7 42. Qxe8 Qb1+ 43. Bf1 Qxb4 44. Bd3 Qd4 45. Qg6+ Kf8 46. Qe4 Kf7 47. Qxd4 Bxd4 48. Bf5 Kf6 49. Bxg4 Ba7 50. Kg2 Bb6 51. Be2 Ba7 52. h4 Bd4 53. Bd3 Bc3 54. Bc2 Bb4 55. g4 Be1 56. g5+ Kg7 57. Kg3 Kf7 58. h5 Bd2 59. f4 Bc3 60. Kg4 Ba1 61. h6 1-0

[Event "Fagernes GM Open Autumn 2024"]
[Site "Fagernes"]
[Date "2024.10.07"]
[Round "2.1"]
[White "Jumabayev, Rinat"]
[Black "Sidhant, Mohapatra"]
[Result "1/2-1/2"]
[ECO "A14"]
[WhiteElo "2577"]
[BlackElo "2369"]
[Annotator "TA"]
[PlyCount "83"]
[EventDate "2024.10.03"]
[EventType "swiss"]
[EventCountry "NOR"]
[SourceTitle "playchess.com"]
[Source "ChessBase"]
[SourceQuality "1"]
[TimeControl "40/6000:2400+30"]

1. Nf3 d5 2. g3 Nf6 3. Bg2 e6 4. O-O Be7 5. c4 O-O 6. d3 Re8 7. Nc3 c5 8. cxd5 Nxd5 9. d4 cxd4 10. Nxd5 exd5 11. Nxd4 Bf6 12. Be3 Nc6 13. Nxc6 bxc6 14. Rc1 Bd7 15. Qd2 a5 16. Rc2 a4 17. Bd4 Rb8 18. e3 Bxd4 {[%emt 0:08:41] The position is equal.} 19. Qxd4 Qb6 20. Qxa4 {[%emt 0:17:59] And now Bxd5 would win.} Ra8 21. Qb3 Qxb3 22. axb3 Reb8 23. Rc3 Ra2 24. Rb1 Bf5 25. Rbc1 Bd7 26. Rb1 Bf5 27. Rbc1 Bd7 28. e4 dxe4 29. Bxe4 g6 30. Rb1 Be6 31. Bxc6 Bxb3 32. h4 Rb4 33. Bf3 Be6 34. b3 Bf5 35. Re1 Be6 36. Rb1 Bf5 37. Rd1 Rb2 38. Rc7 Be6 39. Bd5 Bxd5 40. Rxd5 {[%emt 0:00:00] [#] Rd8+ is the strong threat.} R4xb3 41. Kg2 {[%emt 0:40:33] Prevents Rf3. Hoping for Rd8+.} Rb7 42. Rxb7 {[%emt 0:00:03] Weighted Error Value: White=0.04 (flawless) /Black=0.04 (flawless) .  OK:         	White=15    	Black=19     Best:        	---       	Black=1} 1/2-1/2

[Event "Fagernes GM Open Autumn 2024"]
[Site "Fagernes"]
[Date "2024.10.07"]
[Round "2.2"]
[White "Urkedal, Frode Olav Olsen"]
[Black "Carlsson, Ludvig"]
[Result "1-0"]
[ECO "E04"]
[WhiteElo "2559"]
[BlackElo "2334"]
[Annotator "TA"]
[PlyCount "53"]
[EventDate "2024.10.03"]
[EventType "swiss"]
[EventCountry "NOR"]
[SourceTitle "playchess.com"]
[Source "ChessBase"]
[SourceQuality "1"]
[TimeControl "40/6000:2400+30"]

1. d4 Nf6 2. c4 e6 3. g3 d5 4. Bg2 dxc4 5. Nf3 c5 6. O-O Nc6 7. Qa4 Bd7 8. Qxc4 cxd4 9. Nxd4 Rc8 10. Nc3 Nxd4 11. Qxd4 Bc5 12. Qf4 Bc6 {[%emt 0:00:00] Die Stellung ist ausgeglichen.} 13. Rd1 (13. Bxc6+ {vereinfacht} Rxc6 14. Rd1 Qc8 15. e4) 13... Qb6 14. Na4 (14. Bxc6+ {vereinfacht} Qxc6 15. Be3 O-O 16. Rac1) 14... Bxf2+ 15. Kf1 Bxg2+ 16. Kxg2 Qc6+ 17. Kxf2 {[%emt 0:00:00] [#] Nc3 wäre nun fies.} Ne4+ 18. Ke3 f5 (18... Qxa4 $2 19. Rd4 (19. Qxe4 $2 Qxd1 20. Qd4 Qxd4+ 21. Kxd4 Rd8+ 22. Ke3 Rd1 $19) 19... Qa5 20. Qxe4 $18 (20. Rxe4 Qe1 $14)) 19. Qe5 $1 O-O {[%emt 0:02:52][%cal Of8d8] Und jetzt ...Rfd8! wäre schön.} 20. Nc3 $1 Kh8 $2 {[%emt 0:23:35][%mdl 8192] Danach kann Schwarz die Partie nicht mehr halten.} (20... Qb6+ $1 $11 21. Qd4 Rc5) 21. Nxe4 $18 {[%emt 0:05:12] Weiß steht klar auf Gewinn.} fxe4 22. Rd6 (22. Qxe4 $2 Qc5+ 23. Qd4 Qg5+ 24. Kd3 Qf5+ 25. Ke3 (25. e4 $2 Qf3+ 26. Be3 Rfd8 $19) 25... Qf2+ 26. Kd3 Qxd4+ (26... Qxh2 27. Bf4 $17) 27. Kxd4 Rfd8+ 28. Ke3 Rxd1 $19) 22... Qc7 23. Bd2 (23. Qxe6 Qc5+ (23... Rf6 $2 24. Qd7 $19) 24. Rd4 Qg5+ 25. Kxe4 Qb5 $19) ({Lieber nicht} 23. Rxe6 Qf7 24. Kd2 (24. Qxe4 $2 Qf2+ 25. Kd2 Rfd8+ $19) (24. Kxe4 $2 Rce8 $19) 24... Qf2 $11 (24... Qf1 25. Qxe4 Rfd8+ 26. Ke3 $11)) 23... Rf5 24. Qxe6 (24. Qxe4 $2 {geht unter.} Qxd6 25. Bc3 Rxc3+ 26. bxc3 Re5 $19) 24... Qc5+ 25. Rd4 $1 {[%emt 0:00:00][%cal Oa1c1] [#] Und Rc1! würde nun gewinnen.} Qf8 26. Bb4 (26. Qxe4 Re8 27. Bc3 Rxe4+ 28. Rxe4 Qc5+ 29. Bd4 Qc6 $11) 26... Rf3+ 27. Kxe4 {[%emt 0:00:00] Gewichteter Fehlerwert: Weiß=0.05 (makellos) /Schwarz=0.51.  Verlustzug:     	---       	Schwarz=1     Ungenau:       	Weiß=1     	---        OK:         	Weiß=5     	Schwarz=11    Bester:       	Weiß=3     	---        Stark:        	Weiß=3     	---} 1-0

[Event "Fagernes GM Open Autumn 2024"]
[Site "Fagernes"]
[Date "2024.10.07"]
[Round "2.3"]
[White "Raja Rithvik R"]
[Black "Eliseev, Sergey"]
[Result "1-0"]
[ECO "D31"]
[WhiteElo "2514"]
[BlackElo "2276"]
[Annotator "RC"]
[PlyCount "63"]
[EventDate "2024.10.03"]
[EventType "swiss"]
[EventCountry "NOR"]
[SourceTitle "playchess.com"]
[Source "ChessBase"]
[SourceQuality "1"]
[TimeControl "40/6000:2400+30"]

1. d4 d5 2. c4 e6 3. Nc3 a6 4. cxd5 exd5 5. Nf3 h6 6. Ne5 Nf6 7. e4 Be6 8. exd5 Nxd5 9. Bc4 Nxc3 10. bxc3 Bxc4 11. Nxc4 Qd5 12. Ne3 Qc6 13. O-O Nd7 14. Rb1 O-O-O 15. Qb3 Qb6 16. Qc2 Qg6 17. Nf5 Nb6 18. c4 Nxc4 19. Bf4 b5 20. a4 Rd5 21. axb5 axb5 22. Rxb5 Rxb5 23. Qxc4 Rb7 24. Qa4 Bb4 25. Ne3 Rd8 26. Nd5 Rxd5 27. Qa8+ Rb8 28. Qxd5 Bd6 29. Re1 Qe6 30. Qa5 Qd7 31. Bxd6 Qxd6 32. Qf5+ 1-0

[Event "Fagernes GM Open Autumn 2024"]
[Site "Fagernes"]
[Date "2024.10.07"]
[Round "2.4"]
[White "Laddha, Shubh Jayesh"]
[Black "Ghasi, Ameet K"]
[Result "0-1"]
[ECO "B12"]
[WhiteElo "2308"]
[BlackElo "2503"]
[Annotator "TA"]
[PlyCount "90"]
[EventDate "2024.10.03"]
[EventType "swiss"]
[EventCountry "NOR"]
[SourceTitle "playchess.com"]
[Source "ChessBase"]
[SourceQuality "1"]
[TimeControl "40/6000:2400+30"]

1. e4 c6 2. d4 d5 3. e5 Bf5 4. h4 h5 5. Bd3 Bxd3 6. Qxd3 Qa5+ 7. Nd2 e6 8. Ngf3 {[%emt 0:00:00] Die Stellung ist ausgeglichen.} Nh6 9. O-O Nf5 10. Nb3 Qa6 11. Qd1 b6 12. Bg5 c5 13. dxc5 Bxc5 14. c3 Nc6 15. Re1 Rc8 16. Nxc5 bxc5 17. b3 Rc7 18. Qd2 Rd7 19. Rad1 Qa5 20. c4 Qb6 21. cxd5 Rxd5 22. Qc2 {[%emt 0:01:17] [#] Droht stark Rxd5.} Rxd1 23. Rxd1 O-O 24. Qe2 Qa5 25. Bf4 Ncd4 26. Nxd4 cxd4 27. Qxh5 (27. Rd2 $11) 27... Qxa2 $17 28. Qg4 (28. Rd3 $142) 28... Qxb3 29. h5 Kh7 30. Qe2 Rd8 {[%emt 0:03:45] Schwarz steht aktiver.} (30... Qd5 $17 {Weiss muss nun ...Rb8 beachten.} 31. f3 (31. g4 Nh4 $19) 31... Rd8) 31. Rd3 $15 Qd5 $36 {[%emt 0:04:40][%mdl 2048] Schwarz hat Druck.} 32. Kh2 ({Vorzuziehen ist} 32. g4 $1 $15 Nh6 (32... Nh4 33. f3 $16) 33. f3) 32... Rd7 (32... Rb8 $142 33. Qf3 Rb5 34. Qxd5 Rxd5) 33. g4 {[%emt 0:01:14] [#]} (33. Bg5 $17) 33... Ne7 $1 $19 34. Bg3 Kg8 35. h6 (35. Bf4 {kämpft weiter.}) 35... gxh6 36. Qd2 Ng6 37. f4 (37. Qe2 $142) 37... Qe4 38. Rb3 Rc7 39. Rb2 {[%emt 0:00:00] Wehrt Rc2 ab} d3 {[%emt 0:01:05] Zielt auf ...Rc2 ab.} 40. f5 Nxe5 {[%emt 0:00:13] ( -> ...Nf3+)} 41. Rb8+ Kg7 {[%emt 0:06:13] Schwarz setzt Matt.} 42. Bxe5+ Qxe5+ 43. Kh3 Rc2 44. f6+ Qxf6 ({Und nicht} 44... Kxf6 45. Qxh6+ Ke7 46. Qf8+ Kd7 47. Qxf7+ Kd6 48. Qf8+ Kc6 49. Qc8+ Qc7 (49... Kd5 $2 50. Rb5+ Kd4 51. Qd8+ $18) 50. Qxe6+ Kc5 51. Qe3+ (51. Rc8 $2 Rh2#) 51... Kc6 52. Qf3+ Kc5 53. Qe3+ Kc4 54. Qe4+ Kc5 55. Qe3+ $11) 45. Qd1 Qe5 {[%emt 0:00:32] Gewichteter Fehlerwert: Weiß=0.42/Schwarz=0.11 (sehr präzise) .  Fehler:       	Weiß=6     	Schwarz=2     Ungenau:       	---       	Schwarz=1     OK:         	Weiß=9     	Schwarz=10    Bester:       	Weiß=2     	Schwarz=4     Stark:        	---       	Schwarz=1} 0-1

[Event "Fagernes GM Open Autumn 2024"]
[Site "Fagernes"]
[Date "2024.10.07"]
[Round "2.5"]
[White "Mitusov, Semen"]
[Black "Sieber, Fiona"]
[Result "1-0"]
[ECO "C44"]
[WhiteElo "2486"]
[BlackElo "2264"]
[Annotator "TA"]
[PlyCount "59"]
[EventDate "2024.10.03"]
[EventType "swiss"]
[EventCountry "NOR"]
[SourceTitle "playchess.com"]
[Source "ChessBase"]
[SourceQuality "1"]
[TimeControl "40/6000:2400+30"]

1. e4 e5 2. Nf3 Nc6 3. c3 d5 4. Qa4 dxe4 5. Nxe5 Qd5 6. Nxc6 bxc6 7. Bc4 Qd6 {[%emt 0:00:16] [#]} 8. d3 $1 exd3 (8... Nf6 9. dxe4) 9. O-O {[%emt 0:02:17][%cal Oc4d3] White is better.} Be7 (9... Nf6 $16) 10. Rd1 $18 Bf5 {[%emt 0:02:39] [#]} 11. Bf4 $1 Qd7 {[%emt 0:10:30] [#]} 12. Bxd3 $1 Rd8 (12... Bxd3 13. Rxd3) 13. Be2 Qe6 14. Re1 {[%emt 0:10:04] Strongly threatening Nd2.} Qe4 15. Qxe4 (15. Qxa7 $2 {is the wrong capture.} Qxf4 16. Bf3 Kf8 17. Bxc6 h5 $19) 15... Bxe4 16. Bxc7 Rd7 17. Bf4 Nf6 18. Nd2 {[%emt 0:02:03][%cal Bb1d2,Bd2c4,Bc4a5,Ba5b7,Bb7c5,Bc5e6][%mdl 32] Nxe4 is the strong threat.} Bf5 19. Bf3 Nd5 20. Bg3 Kd8 (20... O-O {keeps fighting.} 21. Nb3 Bf6) 21. Nc4 {[%emt 0:06:20] Threatens to win with Ne5.} Bf6 22. Na5 c5 23. Rad1 Be6 24. c4 Nb4 (24... Nb6 {might work better.} 25. Nb7+ Ke7 26. Rxd7+ (26. Nxc5 Rxd1 27. Bxd1 Nxc4 $18) 26... Kxd7 27. Nxc5+ Ke7 28. Nxe6 fxe6) 25. Nb7+ {[%emt 0:00:35] White is clearly winning.} Kc8 26. Nxc5 Rd4 27. Bb7+ Kd8 28. Rxd4+ Bxd4 29. Rd1 Nc2 30. Nxe6+ {[%emt 0:00:00] Black did not feel at home in the position after the opening.   Weighted Error Value: White=0.04 (flawless) /Black=0.34.  Mistake:       	---       	Black=3      Inaccurate:     	---       	Black=1      OK:         	White=15    	Black=7      Best:        	---       	Black=1      Brilliant:      	White=1     	---} 1-0

[Event "Fagernes GM Open Autumn 2024"]
[Site "Fagernes"]
[Date "2024.10.07"]
[Round "2.6"]
[White "Oksendal, Martin"]
[Black "Kvaloy, Aksel Bu"]
[Result "0-1"]
[ECO "C70"]
[WhiteElo "2271"]
[BlackElo "2484"]
[Annotator "RC"]
[PlyCount "108"]
[EventDate "2024.10.03"]
[EventType "swiss"]
[EventCountry "NOR"]
[SourceTitle "playchess.com"]
[Source "ChessBase"]
[SourceQuality "1"]
[TimeControl "40/6000:2400+30"]

1. e4 e5 2. Nf3 Nc6 3. Bb5 a6 4. Ba4 d6 5. O-O b5 6. Bb3 Na5 7. a4 Nxb3 8. cxb3 Bb7 9. Qe2 b4 10. d4 exd4 11. Nxd4 Ne7 12. Bg5 h6 13. Bh4 g5 14. Bg3 Bg7 15. Rd1 Qd7 16. Rd3 O-O 17. Nd2 f5 18. exf5 Nxf5 19. Qe6+ Qf7 20. Qxf7+ Rxf7 21. Nxf5 Rxf5 22. Rc1 Rf7 23. Nc4 Re8 24. Rd2 h5 25. f3 g4 26. Na5 Ba8 27. f4 Rf5 28. Nc6 a5 29. Na7 Rd5 30. Rdc2 Bd4+ 31. Bf2 Bxa7 32. Bxa7 c5 33. Bb6 Rd3 34. Bxa5 Bd5 35. Rf2 Bxb3 36. Ra1 Ra8 37. Bc7 Rxa4 38. Rxa4 Bxa4 39. Re2 Kf7 40. Bd8 c4 41. f5 c3 42. bxc3 bxc3 43. Bg5 c2 44. Re7+ Kg8 45. Rc7 Rd5 46. Rc8+ Kf7 47. Rc7+ Ke8 48. Re7+ Kf8 49. Ra7 Bb5 50. Bh6+ Ke8 51. f6 c1=Q+ 52. Bxc1 Rd1+ 53. Kf2 Rxc1 54. Kg3 Rf1 0-1

[Event "Fagernes GM Open Autumn 2024"]
[Site "Fagernes"]
[Date "2024.10.07"]
[Round "2.7"]
[White "Bazakutsa, Svyatoslav"]
[Black "Oye-Stromberg, Alexander"]
[Result "1/2-1/2"]
[ECO "D08"]
[WhiteElo "2483"]
[BlackElo "2248"]
[Annotator "TA"]
[PlyCount "64"]
[EventDate "2024.10.03"]
[EventType "swiss"]
[EventCountry "NOR"]
[SourceTitle "playchess.com"]
[Source "ChessBase"]
[SourceQuality "1"]
[TimeControl "40/6000:2400+30"]

1. d4 d5 2. c4 e5 3. dxe5 Ne7 4. Nf3 Nbc6 5. cxd5 Qxd5 6. Qxd5 Nxd5 7. a3 {[%emt 0:00:00] Inhibits Ndb4.} h6 8. h3 {[%emt 0:28:12] White is better.} Bd7 9. e4 ({White should try} 9. e3 $16) 9... Nb6 $11 10. b3 g5 11. Bb2 {[%emt 0:00:00][%cal Oe5e6] [#] e6! would now be deadly.} Bg7 12. Nbd2 O-O-O 13. Nc4 {[%emt 0:02:57][%cal Oe5e6] Hoping for e6!} Rhe8 14. O-O-O ({And not} 14. e6 Bxb2 15. exd7+ Rxd7 16. Nxb2 Rxe4+ 17. Be2 Rde7 $19) 14... Nxc4 {[%emt 0:07:41] The position is equal.} 15. Bxc4 Nxe5 16. Nxe5 Bxe5 17. f3 f6 18. g4 Be6 19. Rxd8+ Kxd8 20. Bxe6 Rxe6 {[%emt 0:00:08][%mdl 4096] Endgame. KRB-KRB} 21. h4 Rc6+ 22. Kb1 Bxb2 23. Kxb2 {[%emt 0:00:00] KR-KR} Ke7 24. hxg5 hxg5 25. Rh8 a5 26. Rg8 b6 27. Rc8 Rc5 28. Rb8 Ke6 29. Re8+ Kd6 30. b4 axb4 31. axb4 Rc4 32. Kb3 Rc1 {[%emt 0:09:06] Weighted Error Value: White=0.07 (flawless) /Black=0.03 (flawless) .  Mistake:       	White=1     	---        Inaccurate:     	White=1     	---        OK:         	White=11    	Black=6      Best:        	White=2     	Black=1} (32... b5 $5 33. Rd8+ $8 Ke7 $17) 1/2-1/2

[Event "Fagernes GM Open Autumn 2024"]
[Site "Fagernes"]
[Date "2024.10.07"]
[Round "2.8"]
[White "Aizenberg, Benny"]
[Black "Nagare Akhilesh"]
[Result "1-0"]
[ECO "B45"]
[WhiteElo "2423"]
[BlackElo "2245"]
[Annotator "TA"]
[PlyCount "111"]
[EventDate "2024.10.03"]
[EventType "swiss"]
[EventCountry "NOR"]
[SourceTitle "playchess.com"]
[Source "ChessBase"]
[SourceQuality "1"]
[TimeControl "40/6000:2400+30"]

1. e4 c5 2. Nf3 e6 3. d4 cxd4 4. Nxd4 Nc6 5. Nc3 Bc5 6. Ndb5 {[%emt 0:12:43] Black must now prevent Bf4.} d6 7. Bf4 Ke7 8. Na4 {[%emt 0:08:18] White is slightly better.} a6 9. Nxc5 axb5 10. Nb3 {[%emt 0:00:00] White is much more active.} b4 11. Nd2 e5 12. Bg5+ Nf6 13. Nc4 Be6 14. Bd3 h6 (14... d5 {is interesting.} 15. exd5 Qxd5 16. Ne3 Qd4) 15. Bxf6+ gxf6 (15... Kxf6 $11 16. Qf3+ Kg6) 16. O-O $16 Rc8 (16... d5 $142 17. exd5 Bxd5) 17. Ne3 Qb6 18. c3 bxc3 19. bxc3 Qc5 20. Qd2 Rc7 21. Rab1 Ra8 22. Rb5 Qa3 {[%emt 0:00:00] [#] Loses the game.} (22... Rxa2 $14 23. Nf5+ Bxf5 24. Qxa2 Qxc3) 23. Bc4 $1 $18 {[%emt 0:03:40] Hoping for Bxe6.} Nd8 24. Rb4 Ra4 $2 (24... b5) 25. Nc2 Qxb4 26. Nxb4 Bxc4 27. Rd1 Rd7 28. Qxh6 Ne6 29. Qe3 Nf4 30. Rd2 Ra8 31. g3 Ne6 32. h4 Nc5 33. Kh2 Rg8 34. Rd1 (34. Nd5+ Bxd5 35. exd5 (35. Rxd5 Ra8 $18) 35... Rg6 $18) 34... Rdd8 35. Nd5+ Bxd5 36. Rxd5 Ra8 37. Rxc5 dxc5 38. Qxc5+ {[%emt 0:00:00][%mdl 4096] Endgame. KQ-KRR} Ke6 (38... Ke8 $142 39. a4 Rg6) 39. Qd5+ Ke7 40. Qxb7+ Ke6 {[%emt 0:00:00] [#]} 41. a4 $1 Rab8 (41... Rgb8 42. Qc6+) 42. Qc6+ Ke7 43. Qc7+ Ke6 44. f4 exf4 45. gxf4 f5 46. Qe5+ Kd7 47. Qxf5+ Ke7 48. Qe5+ Kd7 49. Qd5+ Ke7 50. f5 Rbd8 {[%emt 0:05:15] Prevents e5} 51. Qe5+ Kd7 52. h5 Kc6 (52... Rg5 $142 53. Qd5+ Kc8 54. Qc4+ (54. Qxf7 Rdg8 $18) 54... Kb8) 53. Qf6+ Kc5 54. Qxf7 Rd2+ 55. Kh3 Rdg2 56. Qc7# {[%emt 0:00:07] Weighted Error Value: White=0.20 (precise) /Black=0.26 (precise) .  Mistake:       	---       	Black=5      Inaccurate:     	White=2     	Black=3      OK:         	White=13    	Black=8      Best:        	White=1     	Black=6} 1-0

[Event "Fagernes GM Open Autumn 2024"]
[Site "Fagernes"]
[Date "2024.10.07"]
[Round "2.9"]
[White "Fiskaaen, Martin Holten"]
[Black "Willow, Jonah B"]
[Result "1/2-1/2"]
[ECO "E04"]
[WhiteElo "2259"]
[BlackElo "2420"]
[Annotator "RC"]
[PlyCount "145"]
[EventDate "2024.10.03"]
[EventType "swiss"]
[EventCountry "NOR"]
[SourceTitle "playchess.com"]
[Source "ChessBase"]
[SourceQuality "1"]
[TimeControl "40/6000:2400+30"]

1. d4 Nf6 2. c4 e6 3. Nf3 d5 4. g3 dxc4 5. Bg2 a6 6. O-O Nc6 7. Qd2 Bb4 8. Qc2 Qd5 9. e3 Qb5 10. Nbd2 Bxd2 11. Bxd2 O-O 12. Rfc1 Qh5 13. Qxc4 e5 14. dxe5 Ng4 15. Bc3 Ncxe5 16. Bxe5 Nxe5 17. Nxe5 Qxe5 18. Qxc7 Qxb2 19. a4 a5 20. Qe7 Ra6 21. Rab1 Qa2 22. Qc5 g6 23. Ra1 Qb2 24. Rab1 Qa2 25. Qc4 Qxc4 26. Rxc4 Be6 27. Rc7 Rd8 28. Rcxb7 Kg7 29. h4 Rad6 30. Bf3 Bd7 31. Ra7 Bxa4 32. Rxa5 Bd7 33. g4 Rf6 34. Kg2 h6 35. Kg3 Bc6 36. Bxc6 Rxc6 37. Rb4 Rd7 38. Rab5 Rcc7 39. Rf4 Rc1 40. Kg2 Rc2 41. h5 g5 42. Rff5 Rc4 43. Kf3 Ra7 44. Rb6 Rc8 45. Rff6 Rh8 46. Rfd6 Re7 47. Rbc6 Ra7 48. Kg3 Re7 49. Ra6 Rb7 50. Rd5 Re8 51. Rdd6 Rh8 52. Kg2 Re7 53. Kf3 Rb7 54. Ke4 Rb2 55. Kf3 Rb7 56. Ke2 Rc7 57. Rdc6 Rb7 58. Kf3 Re7 59. Kg3 Rb7 60. Rd6 Re7 61. Rac6 Ra7 62. Kg2 Re7 63. Rb6 Ra7 64. Kf3 Re7 65. Ke2 Ra7 66. e4 Ra4 67. Ke3 Re8 68. f3 Ra3+ 69. Kf2 Rc8 70. Rdc6 Rd8 71. Rd6 Rc8 72. Rbc6 Rb8 73. Rb6 1/2-1/2

[Event "Fagernes GM Open Autumn 2024"]
[Site "Fagernes"]
[Date "2024.10.07"]
[Round "2.10"]
[White "Bhagat Kush"]
[Black "Wallace, John Paul"]
[Result "0-1"]
[ECO "D46"]
[WhiteElo "2245"]
[BlackElo "2373"]
[Annotator "RC"]
[PlyCount "140"]
[EventDate "2024.10.03"]
[EventType "swiss"]
[EventCountry "NOR"]
[SourceTitle "playchess.com"]
[Source "ChessBase"]
[SourceQuality "1"]
[TimeControl "40/6000:2400+30"]

1. d4 d5 2. c4 c6 3. Nc3 Nf6 4. e3 e6 5. Nf3 Nbd7 6. Qc2 Bd6 7. Bd3 dxc4 8. Bxc4 O-O 9. O-O a6 10. a3 Qc7 11. Ba2 c5 12. dxc5 Qxc5 13. Bb1 Qh5 14. Ne4 Nxe4 15. Qxe4 Nc5 16. Qc2 a5 17. Rd1 Rd8 18. Rd4 b6 19. Rh4 Qg6 20. Qxg6 hxg6 21. Bc2 Bb7 22. b4 axb4 23. Rxb4 Nd7 24. Rbb1 Rdc8 25. Bd3 Nc5 26. Bf1 Na4 27. Bd2 Be4 28. Rc1 Rxc1 29. Bxc1 Nc5 30. Bb2 Na4 31. Be5 Bxe5 32. Nxe5 Nc3 33. Nc4 b5 34. Nd6 b4 35. Nxe4 Nxe4 36. a4 Nc3 37. Bc4 Rxa4 38. Rxa4 Nxa4 39. Kf1 Kf8 40. Ke2 Ke7 41. Kd3 Nb2+ 42. Kd4 Kd6 43. f4 Kc6 44. Bb3 Kb5 45. e4 Na4 46. f5 Nc5 47. Bc4+ Kc6 48. fxg6 fxg6 49. e5 g5 50. h3 Kb6 51. Be2 b3 52. Kc3 Ka5 53. Bd1 Kb5 54. g3 Ne4+ 55. Kxb3 Kc5 56. h4 Kd5 57. hxg5 Nxg3 58. g6 Kxe5 59. Kc4 Nf5 60. Kd3 Ne7 61. Bh5 Kf5 62. Kd4 Nxg6 63. Bd1 Kf4 64. Bh5 Ne7 65. Kc5 e5 66. Kd6 Nf5+ 67. Ke6 g5 68. Kf6 Ne3 69. Be2 g4 70. Bxg4 Nxg4+ 0-1